 Dungeon Crawl Stone Soup version 0.24.0-1-gfbc8707 (webtiles) character file.

Game seed: 13123627491659216666, levelgen mode: deterministic

101 Buxparty the Chopper (level 4, -7/34 HPs)
             Began as a Mummy Gladiator on Jan 7, 2020.
             Mangled by a gnoll
             ... wielding a +0 whip
              (8 damage)
             ... on level 2 of the Dungeon.
             The game lasted 00:02:53 (1922 turns).

Buxparty the Chopper (Mummy Gladiator)              Turns: 1922, Time: 00:02:53

Health: -7/34      AC:  7    Str: 18    XL:     4   Next: 48%
Magic:  4/4        EV: 11    Int:  7    God:
Gold:   50         SH:  0    Dex: 13    Spells: 3/3 levels left

rFire    x . .     SeeInvis .   a - +0 war axe
rCold    + . .     Gourm    .   (no shield)
rNeg     + + +     Faith    .   h - +0 scale mail
rPois    ∞         Spirit   .   c - +0 helmet
rElec    .         Reflect  .   (no cloak)
rCorr    .         Harm     .   (no gloves)
MR       .....                  (no boots)
Stlth    ..........             (no amulet)
HPRegen  0.11/turn              (no ring)
MPRegen  0.09/turn              (no ring)

@: no status effects
A: no food or potions, fire vulnerability, cold resistance 1, negative energy
resistance 3, torment resistance, unbreathing
a: no special abilities


You were on level 2 of the Dungeon.
You were not hungry.

You visited 1 branch of the dungeon, and saw 2 of its levels.

You collected 50 gold pieces.

Inventory:

Hand Weapons
 a - a +0 war axe (weapon)
Missiles
 d - 4 throwing nets (quivered)
Armour
 c - a +0 helmet (worn)
 h - a +0 scale mail (worn)
Wands
 g - a wand of polymorph (11)
Scrolls
 b - a scroll of teleportation {unknown}
 e - 4 scrolls of identify {unknown}
 f - a scroll of fear {unknown}


   Skills:
 + Level 2.9 Fighting
 * Level 3.5 Axes
 - Level 1.5 Throwing
 + Level 3.0 Dodging


You had 3 spell levels left.
You didn't know any spells.
Your spell library was empty.

Dungeon Overview and Level Annotations

Branches:
Dungeon (2/15)

Altars:
Makhleb


Innate Abilities, Weirdness & Mutations

You do not eat or drink.
Your flesh is vulnerable to fire.
You are immune to poison.
Your flesh is cold resistant. (rC+)
You are immune to negative energy. (rN+++)
You are immune to unholy pain and torment.
You can survive without breathing.


Message History

The gnoll is almost dead.
The gnoll hits you with a +0 whip.
* * * LOW HITPOINT WARNING * * *
You completely miss the gnoll.
The gnoll is almost dead.
The gnoll barely misses you.
You barely miss the gnoll.
The gnoll is almost dead.
The gnoll hits you but does no damage. x2
You closely miss the gnoll.
The gnoll is almost dead.
The gnoll hits you with a +0 whip.
* * * LOW HITPOINT WARNING * * *
You completely miss the gnoll.
The gnoll is almost dead.
The gnoll hits you but does no damage.
You hit the gnoll but do no damage.
The gnoll is almost dead.
The gnoll hits you with a +0 whip!
You die...

###.#..#
##.######..%..#
#.##.###..#
#...######
#.##.##..##
#...######
#.##.##.##
##.........
#.##.##.#
#....######
#.##....##
#....# #.
##.†..###.####
####†#.#.>.#
#lg@.#.#.###
#....####.#.#
#.#.# #...#
#... #!.## ...
#..# ..... ##!#
.... ### ....


You could see a gnoll and a frilled lizard.

Vanquished Creatures
  Terence (D:2)
  2 gnolls (D:2)
  An adder (D:2)
  A worm (D:2)
  A leopard gecko (D:1)
  6 bats
  4 giant cockroaches
  5 goblins
  8 hobgoblins
  3 jackals (D:1)
  3 frilled lizards (D:1)
  5 kobolds
  4 rats
44 creatures vanquished.

Notes
Turn   | Place    | Note
-------+----------+-------------------------------------------
     0 | D:1      | Buxparty the Mummy Gladiator began the quest for the Orb.
     0 | D:1      | Reached XP level 1. HP: 16/16 MP: 1/1
   376 | D:1      | Reached XP level 2. HP: 22/22 MP: 2/2
   427 | D:1      | HP: 1/22 [frilled lizard (1)]
   949 | D:1      | Reached XP level 3. HP: 27/28 MP: 3/3
  1325 | D:2      | Found a burning altar of Makhleb.
  1365 | D:2      | Noticed Terence
  1382 | D:2      | Killed Terence
  1706 | D:2      | Reached XP level 4. HP: 20/34 MP: 4/4
  1920 | D:2      | HP: 1/34 [gnoll/+0 whip (3)]
  1922 | D:2      | Mangled by a gnoll

Levels and vault maps discovered:
D:1:      dpeg_arrival_signposts, layout_basic, serial_park_tiny_pond,
          minmay_octomino_j4
D:2:      layout_rooms, overflow_temple_1_default, first_ration, uniq_terence

Skill      XL: |  1  2  3  4 |
---------------+-------------+-----
Axes           | 3 |  3.5
Dodging        | 3 |  3.0
Fighting       | |  2.9
Throwing       | |  1.5

Action                   |  1- 3 |  4- 6 || total
-------------------------+-------+-------++-------
Melee: War axe           |   121 |    28 ||   149
Armor: Leather armour    |    35 |       ||    35
       Scale mail        |    12 |    11 ||    23
Dodge: Dodged            |    98 |    18 ||   116
